 Dungeon Crawl Stone Soup version 0.31-a0-1074-g0b22e4e0f1 (webtiles) character file.

Game seed: 1347892077038822377

3107 cowhearter the Grappler (level 9, -13/57 HPs)
             Began as an Octopode Shapeshifter on Nov 26, 2023.
             Was a Follower of Cheibriados.
             Shot with an arrow by a centaur warrior (14 damage)
             ... on level 8 of the Dungeon.
             The game lasted 00:14:47 (7187 turns).

cowhearter the Grappler (Octopode Shapeshifter)     Turns: 7187, Time: 00:14:48

Health: -13/57     AC:  1    Str: 23    XL:     9   Next: 90%
Magic:  9/9        EV: 16    Int: 21    God:    Cheibriados [*.....]
Gold:   320        SH:  0    Dex: 19    Spells: 8/8 levels left

rFire   + .          .
                       - Unarmed
rCold   . . .        (no shield)
rNeg    . . .        (helmet currently unavailable)
rPois   .            (no amulet)
rElec   .            e - ring of see invisible
rCorr   .            q - +6 ring of intelligence
SInv    +            s - ring "Anogrut" {*Corrode rF+ Str+6 Dex+4}
Will    .....        (no ring)
Stlth   +++          (no ring)
HPRegen 0.29/turn    (no ring)
MPRegen 0.11/turn    (no ring)
                     (no ring)

%: corrode self (3%)
@: beast-form, very slow
A: beast (slay +4), almost no armour, amphibious, 8 rings, camouflage 1,
gelatinous body 1, (nimble swimmer 1), tentacles
a: Begin Untransformation, Renounce Religion, Bend Time


You were on level 8 of the Dungeon.
You worshipped Cheibriados.
Cheibriados was aware of your devotion.
You were a hulking beast.
You visited 2 branches of the dungeon, and saw 9 of its levels.

You collected 437 gold pieces.
You spent 117 gold pieces at shops.

Inventory:

Missiles
 h - 16 poisoned darts
Jewellery
 e - a ring of see invisible (left tentacle)
 j - an amulet of magic regeneration
 q - a +6 ring of intelligence (right tentacle)
 r - an amulet of reflection
 s - the ring "Anogrut" (on tentacle) {*Corrode rF+ Str+6 Dex+4}
   (You found it on level 3 of the Dungeon)

   [ring of strength]

   Str+6:     It affects your strength (+6).
   Dex+4:     It affects your dexterity (+4).
   rF+:       It protects you from fire.
   *Corrode:  It may corrode you when you take damage.
Talismans
 b - a beast talisman (active)
 c - a flux talisman
 w - a blade talisman
 E - a flux talisman
Wands
 y - a wand of digging (1)
 C - a wand of polymorph (6)
 D - a wand of iceblast (3)
Scrolls
 f - 7 scrolls of identify {unknown}
 g - 3 scrolls of torment {unknown}
 k - a scroll of enchant armour {unknown}
 m - 5 scrolls of teleportation {unknown}
 t - 2 scrolls of fog {unknown}
 u - a scroll of noise {unknown}
 v - 2 scrolls of immolation {unknown}
 x - 2 scrolls of poison {unknown}
 F - a scroll of enchant weapon {unknown}
 G - a scroll of fear {unknown}
 H - a scroll of amnesia {unknown}
Potions
 a - 2 potions of lignification
 d - 3 potions of curing
 i - a potion of invisibility {unknown}
 l - 2 potions of haste {unknown}
 n - 2 potions of degeneration
 o - a potion of resistance {unknown}
 p - 2 potions of attraction {unknown}
 z - a potion of might {unknown}
 A - 2 potions of berserk rage {unknown}
 B - 2 potions of heal wounds


   Skills:
 + Level 3.6 Fighting
 + Level 5.3 Dodging
 - Level 2.0 Stealth
 + Level 9.9 Unarmed Combat
 * Level 7.3 Shapeshifting


You had 8 spell levels left.
You didn't know any spells.
Your spell library contained the following spells:

 Spells                   Type           Power      Damage    Failure   Level
 Foxfire                  Conj/Fire      0%         2x1d4     19%         1
 Blink                    Tloc           0%         N/A       26%         2
 Ensorcelled Hibernation  Hex/Ice        0%         N/A       26%         2
 Lesser Beckoning         Tloc           0%         N/A       26%         2
 Momentum Strike          Conj/Tloc      0%         3d8       26%         2
 Ozocubu's Armour         Ice            0%         N/A       47%         3
 Sigil of Binding         Hex            0%         N/A       47%         3
 Tukima's Dance           Hex            0%         N/A       47%         3
 Anguish                  Hex/Necr       0%         N/A       87%         4
 Passage of Golubria      Tloc           0%         N/A       87%         4
 Summon Ice Beast         Ice/Summ       0%         N/A       87%         4
 Summon Mana Viper        Hex/Summ       0%         N/A       99%         5
 Yara's Violent Unravell  Hex/Tmut       0%         3d3       99%         5
 Plasma Beam              Fire/Air       0%         2x1d10    100%        6
 Starburst                Conj/Fire      0%         6d3       100%        6
 Monstrous Menagerie      Summ           0%         N/A       100%        7
 Ozocubu's Refrigeration  Ice            0%         4d7       100%        7


Dungeon Overview and Level Annotations

Branches:
Dungeon (8/15)             Temple (1/1) D:7
   Lair: D:8-11

Altars:
Ashenzari
Cheibriados
Elyvilon
Fedhas
Gozag
Hepliaklqana
Kikubaaqudgha
Makhleb
Nemelex Xobeh
Okawaru
Qazlal
Ru
Sif Muna
Uskayaw
Vehumet
Wu Jian
Xom
Yredelemnul
Zin
The Shining One

Shops:
D:2 !

Annotations:
D:8 2 transporters


Innate Abilities, Weirdness & Mutations

You are a hulking beast.
Your limbs bulge with bestial killing power. (Slay +4)
You cannot wear most types of armour.
You are amphibious.
You can wear up to eight rings at the same time.
Your skin changes colour to match your surroundings (Stealth+).
Your rubbery body absorbs attacks. (AC +1, EV +1)
((You are camouflaged when in or above water. (Stealth+)))
You have tentacles for arms and can constrict up to eight enemies at once.


Message History

The bullfrog is heavily wounded.
You constrict the bullfrog. The bullfrog hits you.
You tentacle-slap the bullfrog.
The bullfrog is severely wounded.
You constrict the bullfrog. The bullfrog closely misses you.
You tentacle-slap the bullfrog.
You kill the bullfrog!
Cheibriados appreciates the change of pace.
You start resting.
HP restored.
You now have 301 gold pieces (gained 23).
f - 7 scrolls labelled DYIC ZAYSOSU (gained 1)
You open the door.
There is an open door here.
You now have 320 gold pieces (gained 19).
You open the door.
There is an open door here.
You open the door.
There is an open door here.
As you open the door, it creaks loudly!
There is an open door here.
You open the door.
There is an open door here.
There is an open door here.
There is an open door here.
A cyan ugly thing comes into view.
A cyan ugly thing is nearby!
The cyan ugly thing gurgles horribly!
You hear an angry buzzing noise.
A centaur warrior comes into view.
The cyan ugly thing gores you! The cyan ugly thing shocks you!
You tentacle-slap the cyan ugly thing but do no damage.
You grab the cyan ugly thing. You constrict the cyan ugly thing.
A vampire mosquito comes into view.
The cyan ugly thing gores you!
* * * LOW HITPOINT WARNING * * *
The cyan ugly thing shocks you!
* * * LOW HITPOINT WARNING * * *
The centaur warrior wields a +0 shortbow.
The centaur warrior shoots an arrow.
The arrow hits you!
You die...

#.##..#########+#...........(..#
............# +..............#
............#. #..............#
............#. #..............#
............#.. #..............#
#..##.###..##..##..............##
#####.###..##.....##....######...
...........#####.###....+....#...
...........# #h# #....#....'...
##+###'##### #.#u##....#....#...
........# .c# ###....#########
........# #.#y #....#........
........# # # #....'........
........#### #....#######..
######.....#########..### ##..
.....#................# #...
.....#................# ##..


You could see a cyan ugly thing, a centaur warrior and a vampire mosquito.

Vanquished Creatures
  An unseen horror (D:6)
  A wyvern (D:8)
  3 steam dragons
  Edmund (D:6)
  A black bear (D:6)
  2 ice beasts
  3 ogres
  2 phantoms (D:4)
  2 kobold brigands (D:7)
  2 bullfrogs (D:8)
  3 scorpions
  3 killer bees (D:7)
  3 howler monkeys (D:7)
  3 jellies
  4 hounds
  A sleepcap (D:4)
  7 iguanas
  A gnoll bouda (D:4)
  5 orc wizards
  9 gnolls
  7 adders
  2 shadow imps
  2 white imps
  2 worms
  5 dart slugs
  9 orcs
  A bat (D:2)
  10 endoplasms
  3 giant cockroaches
  3 goblins
  8 hobgoblins
  4 jackals
  2 quokkas
  12 ball pythons
  2 frilled lizards
  17 kobolds
  5 rats
151 creatures vanquished.

Notes
Turn   | Place    | Note
-------+----------+-------------------------------------------
     0 | D:1      | cowhearter the Octopode Shapeshifter began the quest for
                  | the Orb.
     0 | D:1      | Reached XP level 1. HP: 13/13 MP: 1/1
     6 | D:1      | Noticed a scorpion
     6 | D:1      | Noticed a hound
     7 | D:1      | Noticed a six-headed hydra
     7 | D:1      | Noticed a snapping turtle
    73 | D:1      | Reached XP level 2. HP: 13/18 MP: 2/2
   438 | D:1      | Reached XP level 3. HP: 15/23 MP: 3/3
  1218 | D:2      | Found a broken altar of Ashenzari.
  1395 | D:2      | Found Deazipt's Distillery.
  1401 | D:2      | Bought a potion of heal wounds for 65 gold pieces
  1401 | D:2      | Bought a potion of degeneration for 13 gold pieces
  1401 | D:2      | Bought a potion of curing for 39 gold pieces
  1495 | D:2      | Reached XP level 4. HP: 28/28 MP: 4/4
  1648 | D:2      | Found a faded altar of an unknown god.
  1648 | D:2      | Noticed a neqoxec
  1757 | D:3      | Identified the ring "Anogrut" {*Corrode rF+ Str+6 Dex+4}
  1785 | D:3      | Reached skill level 1 in Stealth
  1924 | D:3      | Found a white marble altar of Elyvilon.
  2432 | D:4      | Reached skill level 4 in Unarmed Combat
  2432 | D:4      | Reached XP level 5. HP: 33/33 MP: 5/5
  2442 | D:4      | HP: 1/33 [sleepcap (21)]
  2936 | D:4      | Reached XP level 6. HP: 15/38 MP: 6/6
  3131 | D:4      | Reached skill level 5 in Unarmed Combat
  3137 | D:4      | HP: 1/39 [phantom (3)]
  3138 | D:4      | Reached XP level 7. HP: 1/44 MP: 7/7
  3307 | D:5      | Entered Level 5 of the Dungeon
  3379 | D:4      | Reached skill level 5 in Shapeshifting
  3498 | D:4      | Got Sif Muna's Dissertation on Doom
  3675 | D:5      | Reached skill level 6 in Unarmed Combat
  3905 | D:5      | Identified the +0 ring mail of the Gravedigger {Dex+2}
  4113 | D:5      | Reached XP level 8. HP: 51/51 MP: 8/8
  4495 | D:6      | Reached skill level 7 in Unarmed Combat
  4573 | D:6      | Noticed an unseen horror
  4581 | D:6      | Killed an unseen horror
  4643 | D:6      | Noticed Edmund
  4653 | D:6      | Killed Edmund
  4877 | D:6      | Found an opulent altar of Gozag.
  4897 | D:6      | Reached skill level 8 in Unarmed Combat
  4948 | D:6      | Reached XP level 9. HP: 56/56 MP: 9/9
  5638 | D:7      | Found a staircase to the Ecumenical Temple.
  5672 | Temple   | Entered the Ecumenical Temple
  5802 | Temple   | Became a worshipper of Cheibriados the Contemplative
  5866 | D:7      | Reached skill level 9 in Unarmed Combat
  6268 | D:7      | Reached skill level 5 in Dodging
  6592 | D:8      | Found a transporter.
  6592 | D:8      | Found a transporter.
  6594 | D:8      | Found a transporter.
  6612 | D:8      | Found a transporter.
  6753 | D:8      | Reached * piety under Cheibriados
  7184 | D:8      | Noticed a cyan ugly thing
  7186 | D:8      | Noticed a centaur warrior
  7187 | D:8      | HP: 1/57 [cyan ugly thing (15)]
  7187 | D:8      | Shot with an arrow by a centaur warrior

Illustrated notes

Levels and vault maps discovered:
D:1:      onia_arrival_zoo_common, layout_loops_ring, minmay_nonomino_d4
D:2:      wad_crossroads, layout_loops_ring, serial_shops, shop,
          dreamdust_ecumenical_altar_sealed_demon, basic_altar,
          chequers_serial_rivers_room_b
D:3:      layout_basic, lemuel_doored_altar
D:4:      layout_basic, minmay_fractal_squares_gapless_5
D:5:      layout_gridville
D:6:      layout_gridville, mainiacjoe_overflow_cross_hatched, uniq_edmund
D:7:      layout_rooms, temple_statues
D:8:      minmay_cornered_nines, layout_gridville, nicolae_diode_quadrants
Temple:   mainiacjoe_temple_coin_purse

Skill      XL: |  1  2  3  4  5  6  7  8  9 |
---------------+----------------------------+-----
Shapeshifting  | 4 5 6 7 |  7.3
Stealth        | 2 |  2.0
Unarmed Combat | 4 5 6 8 9 |  9.9
Dodging        | 3 4 5 |  5.3
Fighting       | 2 3 |  3.6

Action                     |  1- 3 |  4- 6 |  7- 9 || total
---------------------------+-------+-------+-------++-------
  Melee: Unarmed           |    63 |    86 |   169 ||   318
         Constrict         |    16 |    20 |    44 ||    80
         Tentacles         |     8 |    25 |    38 ||    71
         Punch             |     2 |     2 |    10 ||    14
    Use: Potion            |       |     1 |       ||     1
   Stab: Sleeping          |     9 |     4 |    16 ||    29
         Distracted        |       |     1 |     1 ||     2
 Armour: Skin              |    21 |    44 |    83 ||   148
  Dodge: Dodged            |    46 |    56 |   109 ||   211
   Form: Beast             |     1 |       |       ||     1

Table legend: (Time is in decaauts)
 A = Elapsed time spent in this place.
 B = Non-inter-level travel time spent in this place.
 C = Inter-level travel time spent in this place.
 D = Time resting spent in this place.
 E = Time spent auto-exploring this place.
 F = Levels seen in this place.
 G = Mean time per level.
                   A        B        C        D        E       F      G
               +--------+--------+--------+--------+--------+-----+--------+
         Total |   7468 |   7436 |     32 |   2042 |   4005 |   9 |  829.8 |
       Dungeon |   7322 |   7290 |     32 |   1942 |   4005 |   8 |  915.2 |
        Temple |    146 |    146 |      0 |    100 |      0 |   1 |  146.0 |
               +--------+--------+--------+--------+--------+-----+--------+

Top non-repeatable levels by time:
     D:4: 1407 daAuts
     D:7: 1047 daAuts
     D:6: 950 daAuts
     D:8: 928 daAuts
     D:2: 864 daAuts
     D:1: 834 daAuts
     D:5: 759 daAuts
     D:3: 530 daAuts
  Temple: 146 daAuts
